 Dungeon Crawl Stone Soup version 0.20.0-4-g10b340a (webtiles) character file.

495 Monsterracer the Slasher (level 7, 0/54 HPs)
             Began as a Formicid Abyssal Knight on May 28, 2017.
             Was a Priest of Lugonu.
             Killed from afar by Natasha (5 damage)
             ... with a magic dart
             ... on level 4 of the Dungeon.
             The game lasted 00:10:37 (5518 turns).

Monsterracer the Slasher (Formicid Abyssal Knight)  Turns: 5518, Time: 00:10:38

Health: 0/54       AC:  3    Str: 18    XL:     7   Next: 38%
Magic:  9/9        EV: 12    Int: 15    God:    Lugonu [***...]
Gold:   268        SH:  0    Dex: 16    Spells: 6/6 levels left

rFire    . . .     SeeInvis +   a - +1 falchion
rCold    . . .     Gourm    .   (no shield)
rNeg     . . .     Faith    .   q - +0 leather armour {rPois}
rPois    +         Spirit   .   (helmet unavailable)
rElec    +         Reflect  .   (no cloak)
rCorr    .         Harm     .   (no gloves)
MR       .....                  (no boots)
Stlth    +.........             (no amulet)
Regen    0.2/turn               m - +3 ring of intelligence
MPRegen  0.2/turn               h - +4 ring of dexterity

@: drained
A: permanent stasis, dig shafts and tunnels, four strong arms, antennae 3,
electricity resistance, strong 1
a: Dig, Shaft Self, Depart the Abyss, Bend Space, Banish, Renounce Religion


You were on level 4 of the Dungeon.
You worshipped Lugonu.
Lugonu was most pleased with you.
You were not hungry.

You visited 1 branch of the dungeon, and saw 4 of its levels.
You visited the Abyss 1 time.

You collected 268 gold pieces.

Inventory:

Hand Weapons
 a - a +1 falchion (weapon)
Armour
 q - a +0 leather armour of poison resistance (worn)
Jewellery
 h - a +4 ring of dexterity (right hand)
 m - a +3 ring of intelligence (left hand)
Scrolls
 d - a scroll of enchant armour
 e - a scroll of identify
 j - 3 scrolls of remove curse
 k - 4 scrolls of recharging
Potions
 g - a potion of lignification
 l - a potion of heal wounds
 n - 2 potions of curing
Comestibles
 b - a royal jelly
 c - 3 bread rations
 f - a fruit
 i - 2 meat rations


   Skills:
 + Level 4.2(3.8) Fighting
 * Level 6.0(5.6) Long Blades
 + Level 3.2(2.8) Armour
 + Level 2.0(1.6) Dodging
 + Level 3.3(2.9) Invocations


You had 6 spell levels left.
You didn't know any spells.

Dungeon Overview and Level Annotations

Branches:
Dungeon (4/15)
 Temple: D:4-7

Altars:
Hepliaklqana
Kikubaaqudgha
Ru
The Shining One

Annotations:
D:4 Natasha


Innate Abilities, Weirdness & Mutations

You cannot be hasted, slowed, berserked, paralysed or teleported.
You can dig through walls and to a lower floor.
Your four strong arms can wield two-handed weapons with a shield.
You have a pair of large antennae on your head. (SInv)
You are resistant to electric shocks. (rElec)
Your muscles are strong. (Str +2)


Message History

The iguana bites you!
* * * LOW HITPOINT WARNING * * *
You see here a chain mail.
Okay, then.
Space bends around you!
You blink.
Natasha, Servant of Life and Death comes into view.
Natasha moves out of view.
Natasha mumbles some strange words.
You feel disoriented.
Natasha stares at you and mumbles some strange words.
You easily resist.
Natasha stares at you and mumbles some strange words.
The magic dart hits you!
* * * LOW HITPOINT WARNING * * *
Natasha claws you.
* * * LOW HITPOINT WARNING * * *
There is a stone staircase leading up here.
Natasha stares at you and mumbles some strange words.
The magic dart hits you!
You die...

.. ... #.# .. ##.## #.# .# #. ...
#.# .. #.##### #.# #.# ..
#.....###.## #.# .###
#.....##...####.# .#.#.# #..
#............##.# .#.#.###.##
.##.h...##...#.##.#
.............##.@...###.##.##.###
.............##.#l...##.##.......
.###.###.###.##.#....##.##.######
...#.#.#...#............##.#
.###.#.#†###...........###.#
.............###.......# #.#
####.###.#...# #.#...### #.#
.........##..###.#...# #.######
########.##.....###.## #.......


You could see an iguana and Natasha.

Vanquished Creatures
  An ogre (D:3)
  A howler monkey (D:2)
  2 hounds (D:4)
  2 orc wizards (D:2)
  Natasha (D:4)
  11 adders
  A gnoll (D:1)
  2 oozes (D:2)
  4 worms
  5 leopard geckos
  10 orcs
  2 ball pythons
  6 bats
  4 giant cockroaches
  8 goblins
  9 hobgoblins
  2 jackals (D:3)
  10 kobolds
  4 quokkas
  9 frilled lizards
  A jackal skeleton (D:4)
  5 rats
  A plant (D:1)
101 creatures vanquished.

Notes
Turn   | Place    | Note
-------+----------+-------------------------------------------
     0 | Abyss:1  | Monsterracer the Formicid Abyssal Knight began the quest for the Orb.
     0 | Abyss:1  | Reached XP level 1. HP: 18/18 MP: 2/2
    43 | D:1      | Escaped the Abyss
   309 | D:1      | Reached XP level 2. HP: 24/24 MP: 3/3
   491 | D:1      | Reached skill level 3 in Long Blades
   762 | D:1      | Reached ** piety under Lugonu
   762 | D:1      | Reached XP level 3. HP: 5/29 MP: 4/4
  1677 | D:2      | Reached skill level 4 in Long Blades
  1677 | D:2      | Reached XP level 4. HP: 32/35 MP: 5/5
  2523 | D:2      | Reached XP level 5. HP: 17/41 MP: 6/6
  2837 | D:2      | Reached skill level 5 in Long Blades
  3178 | D:2      | Reached skill level 1 in Dodging
  3435 | D:2      | Reached *** piety under Lugonu
  3435 | D:2      | Reached XP level 6. HP: 32/47 MP: 7/7
  3855 | D:3      | Gained mutation: Your mind is acute. (Int +2) [potion of mutation]
  3855 | D:3      | Lost mutation: Your mind is acute. (Int +2) [potion of mutation]
  3855 | D:3      | Gained mutation: Your muscles are strong. (Str +2) [potion of mutation]
  3855 | D:3      | Gained mutation: You are resistant to electric shocks. (rElec) [potion of mutation]
  4045 | D:3      | Found a glowing golden altar of the Shining One.
  4196 | D:3      | Found a hazy altar of Hepliaklqana.
  4211 | D:3      | Found an ancient bone altar of Kikubaaqudgha.
  4214 | D:3      | Found a sacrificial altar of Ru.
  4304 | D:3      | Noticed an ogre
  4312 | D:3      | Killed an ogre
  4609 | D:3      | Reached XP level 7. HP: 51/53 MP: 9/9
  5167 | D:4      | Reached skill level 6 in Long Blades
  5364 | D:4      | Noticed Natasha
  5371 | D:4      | Killed Natasha
  5511 | D:4      | Noticed Natasha
  5518 | D:4      | Killed from afar by Natasha

Skill      XL: |  1  2  3  4  5  6  7 |
---------------+----------------------+-----
Long Blades    | 3 4 5 6 |  6.0
Dodging        | 1 2 |  2.0
Armour         | 3 |  3.2
Invocations    | 3 |  3.3
Fighting       | 4 |  4.2

Action                   |  1- 3 |  4- 6 |  7- 9 || total
-------------------------+-------+-------+-------++-------
Melee: Falchion          |   114 |   219 |    66 ||   399
Invok: Bend Space        |       |       |     1 ||     1
  Use: Potion            |     2 |     4 |     1 ||     7
       Scroll            |     1 |     7 |       ||     8
  Eat: Chunk             |     3 |     9 |     3 ||    15
Armor: Leather armour    |     7 |    10 |     9 ||    26
       Ring mail         |    29 |    82 |       ||   111
Dodge: Dodged            |    46 |   135 |    37 ||   218
       Rpst.: Falchion   |    12 |    43 |    12 ||    67
